cohdb
Replays
Latest Replays
All Replays
Popular Replays
Top Player Replays
Match Explorer
How It Works
Community
CoH3 Stats
Reddit
Sign in to upload your games and track your stats! →
Sign in with Steam
Match 24848156
Unlisted
Match 24848156
Overview
Messages
Build Orders
End
Kradschützen Motorcycle Team
Selects Italian Combined Arms Battlegroup
Selects Bersaglieri Squad
Bersaglieri Squad
Bersaglieri Squad
Bersaglieri Squad
Construct Light Support Kompanie
Fire Support Elements
Selects Bersaglieri Bolster
Flakvierling Half-track
Panzerjäger Mechanized Group
2.5-tonne Medical Truck
Selects Breda Model 30 Light Machine Guns
Construct Panzerarmee Kommand
Veteran Squad Leaders
Construct Mechanized Kompanie
Armored Reserves
Combat Half-tracks
Vehicle Survival Package
Advanced Field Repairs
Bersaglieri Squad
StuG Assault Group
250 Light Carrier
Selects Semovente da 75/18 Assault Gun
Selects Carro Armato M13/40 Light Tank
Selects Pact of Steel
Bersaglieri Squad
Panzerpioneer Squad
250 Light Carrier
ConcernedApe
Sonic
0
0
Comments
sign in to comment!
No comments posted yet!